 Dungeon Crawl Stone Soup version 0.29-a0-802-g34511f41fd (webtiles) character file.

Game seed: 3178401659177374801

4904 porpoise the Spear-Bearer (level 10, -17/79 HPs)
             Began as a Merfolk Fighter on July 3, 2022.
             Was a Believer of Yredelemnul.
             Demolished by an orc warrior
             ... wielding a +0 glaive
              (24 damage)
             ... in a bailey on July 4, 2022.
             The game lasted 00:38:03 (10133 turns).

porpoise the Spear-Bearer (Merfolk Fighter)        Turns: 10133, Time: 00:38:04

Health: -17/79     AC: 10    Str: 19    XL:     10   Next: 51%
Magic:  22/24      EV: 12    Int:  9    God:    Yredelemnul [**....]
Gold:   382        SH:  8    Dex: 14    Spells: 7/9 levels left

rFire   . . .      SeeInvis .   a - +2 trident (venom)
rCold   . . .      Faith    .   z - +0 kite shield
rNeg    . . .      Spirit   .   s - +3 leather armour
rPois   .          Reflect  .   t - +1 hat
rElec   .          Harm     .   G - +0 cloak
rCorr   .          Rampage  .   d - +0 pair of gloves
Will    .....                   (no boots)
Stlth   +.........              u - amulet of regeneration
HPRegen 1.03/turn               m - ring of magical power
MPRegen 0.19/turn               (no ring)

@: no status effects
A: (nimble swimmer 2), mertail, antennae 1, sense surroundings 1
a: Renounce Religion, Recall Undead Harvest, Dark Bargain


You were in a bailey.
You worshipped Yredelemnul.
Yredelemnul was noncommittal.
You visited 2 branches of the dungeon, and saw 10 of its levels.
You also visited: Bailey.

You collected 455 gold pieces.
You spent 73 gold pieces at shops.

Inventory:

Hand Weapons
 a - a +2 trident of venom (weapon)
 b - a +0 sling
 k - a +0 arbalest
 o - a +5 halberd
 w - a +1 spear of venom
 J - a +1 bardiche of venom
Missiles
 g - a curare-tipped dart
 F - 15 poisoned darts (quivered)
 H - 3 boomerangs
 K - 2 throwing nets
Armour
 c - a +1 buckler
 d - a +0 pair of gloves (worn)
 s - a +3 leather armour (worn)
 t - a +1 hat (worn)
 z - a +0 kite shield (worn)
 G - a +0 cloak (worn)
Jewellery
 m - a ring of magical power (left hand)
 u - an amulet of regeneration (around neck)
 B - a ring of wizardry
 C - an amulet of guardian spirit
 I - a ring of magical power
Wands
 y - a wand of roots (3)
 E - a wand of digging (3)
Scrolls
 e - 4 scrolls of summoning
 h - 2 scrolls of teleportation
 l - a scroll of brand weapon
 v - a scroll of fog
 x - a scroll of identify
 D - 2 scrolls of vulnerability
Potions
 f - 2 potions of invisibility
 i - a potion of magic
 j - a potion of lignification {unknown}
 n - 2 potions of haste
 p - 3 potions of might
 q - a potion of flight
 r - 2 potions of mutation
 A - 2 potions of attraction


   Skills:
 - Level 7.0 Fighting
 + Level 13.0 Polearms
 - Level 5.0 Armour
 + Level 6.4 Dodging
 - Level 3.0 Shields
 - Level 7.0 Invocations


You had 7 spell levels left.
You knew the following spells:

 Your Spells              Type           Power      Damage    Failure   Level
w - Wereblood             Tmut           0%         N/A       92%         2

Your spell library contained the following spells:

 Spells                   Type           Power      Damage    Failure   Level
 Beastly Appendage        Tmut           0%         N/A       83%         1
 Sublimation of Blood     Necr           0%         N/A       92%         2
 Spider Form              Tmut/Pois      0%         N/A       99%         3
 Passage of Golubria      Tloc           0%         N/A       100%        4
 Summon Ice Beast         Ice/Summ       0%         N/A       100%        4
 Silence                  Hex/Air        0%         N/A       100%        5
 Summon Mana Viper        Hex/Summ       0%         N/A       100%        5
 Monstrous Menagerie      Summ           0%         N/A       100%        7
 Summon Hydra             Summ           0%         N/A       100%        7
 Lehudib's Crystal Spear  Conj/Erth      0%         10d2      100%        8


Dungeon Overview and Level Annotations

Branches:
Dungeon (9/15)             Temple (1/1) D:7          Bailey (1/1)
   Lair: D:8-11         Orc: D:9-12

Altars:
Ashenzari
Cheibriados
Dithmenos
Elyvilon
Fedhas
Gozag
Hepliaklqana
Kikubaaqudgha
Makhleb
Nemelex Xobeh
Qazlal
Ru
Sif Muna
Trog
Uskayaw
Vehumet
Xom
Yredelemnul
Zin
The Shining One

Shops:
D:7 *

Annotations:
D:5 2 transporters, blackman's ghost, weakling HuDe


Innate Abilities, Weirdness & Mutations

((You are very nimble when in or above water. (Stealth+, EV+, Speed+++)))
Your lower body shifts to a powerful aquatic tail in water.
You have a pair of small antennae on your head.
You passively map a small area around you.


Message History

Reach: a) +2 trident (venom)
Press: ? - help, Dir - move target, f/p - orc knight
Aim: an orc knight, wielding a +0 glaive and wearing a +0 ring mail (ally target, about 37% to evade your +2 trident of venom)
Okay, then.
Reach: a) +2 trident (venom)
Press: ? - help, Dir - move target, f/p - orc knight
Aim: an orc knight, wielding a +0 glaive and wearing a +0 ring mail (ally target, about 37% to evade your +2 trident of venom)
You reach to attack!
You puncture the orc knight!
The orc knight is poisoned.
The orc knight is lightly wounded.
You block the orc knight's attack. The orc warrior barely misses you.
Reach: a) +2 trident (venom)
Press: ? - help, Dir - move target, f - orc warrior, p - orc knight
Aim: an orc warrior, wielding a +0 glaive and wearing a +0 ring mail (strong, ally target, about 37% to evade your +2 trident of venom)
You could not reach far enough!
The orc knight hits you from afar with a +0 glaive!
The orc warrior hits you from afar with a +0 glaive!!
Your shadow wraith hits the orc warrior!
Your shadow wraith drains the orc warrior's vigour!
The orc warrior seems to slow down.
Reach: a) +2 trident (venom)
Press: ? - help, Dir - move target, f/p - orc warrior
Aim: an orc warrior, wielding a +0 glaive and wearing a +0 ring mail (heavily wounded, strong, slow, ally target, about 37% to evade your +2 trident of venom)
You reach to attack!
You hit the orc warrior but do no damage.
The orc warrior is heavily wounded.
Your orc zombie barely misses the orc knight.
The orc knight hits you from afar with a +0 glaive!
* * * LOW HITPOINT WARNING * * *
You block the orc warrior's attack.
Unknown command.
You swap places.
You can now trade souls for undead servants.
The orc knight hits you from afar with a +0 glaive!
* * * LOW HITPOINT WARNING * * *
There is an open door here.
You swap places.
Your orc zombie closely misses the orc warrior.
The orc warrior hits you from afar with a +0 glaive!!
You die...
Your body rises from the dead as a mindless zombie.

.≈≈###≈≈...............≈≈###≈≈...
.≈##.##≈...............≈##.##≈...
.≈#.)....................)..#≈...
.≈##)∩#≈...............≈#∩.##≈...
.≈≈#)##≈....#######....≈##.#≈≈...
..≈≈.≈≈≈....##....##...≈≈≈.≈≈....
............##.....##............
.......Z....##ZZZ#..##...........
........##..##ZZ@##..#...........
........##Z####Z####.##..........
........##.'[#oWZ#Z'Z##..........
........##Z###o8)###.##..........
........##.'.#?.)#)ZZ##..........
........##.#########Z##..........
.........#Z.##.#.##..#...........
.........##..#'#'#..##...........
..........##ZZ.Z...##............


You could see an orc knight (very poisoned, ally target), an orc warrior
(strong, slow, ally target), a friendly shadow wraith (summoned, invisible), 4
friendly orc zombies and 2 friendly orc warrior zombies.

Vanquished Creatures
  Prince Ribbit (D:8)
  Sigmund (D:2)
  2 wyverns
  Eustachio (D:4)
  A basilisk (D:9)
  2 acid dragons
  3 ice beasts
  7 orc warriors (Bailey)
  3 black bears
  A centaur (D:6)
  An ogre (D:7)
  4 phantoms
  A kobold brigand (D:9)
  3 scorpions
  A gnoll sergeant (D:5)
  3 necrophages
  10 killer bees
  A howler monkey (D:8)
  2 jellies (D:5)
  3 hounds
  2 orc priests
  2 gnoll boudas
  3 iguanas
  Terence (D:2)
  5 orc wizards
  13 gnolls
  6 adders
  A worm (D:2)
  4 dart slugs
  18 orcs
  8 bats
  5 endoplasms
  4 giant cockroaches
  5 goblins
  5 hobgoblins
  4 quokkas
  7 ball pythons
  3 frilled lizards
  8 kobolds
  9 rats
164 creatures vanquished.

Vanquished Creatures (collateral kills)
  A wyvern (D:8)
  An orc warrior (D:8)
  A bullfrog (D:8)
  2 howler monkeys (D:8)
  3 orcs
8 creatures vanquished.

Vanquished Creatures (others)
  4 killer bee zombies (D:8)
  2 kobold zombies (D:9)
  2 orc zombies
  A bush (D:9)
  A fungus (D:9)
  36 plants (D:9)
  3 withered plants (D:1)
49 creatures vanquished.

Grand Total: 221 creatures vanquished

Notes
Turn   | Place    | Note
-------+----------+-------------------------------------------
     0 | D:1      | porpoise the Merfolk Fighter began the quest for the Orb.
     0 | D:1      | Reached XP level 1. HP: 18/18 MP: 1/1
    65 | D:1      | Reached skill level 3 in Polearms
   104 | D:1      | Reached XP level 2. HP: 24/24 MP: 2/2
   273 | D:1      | You fall into a shaft and drop 1 floor!
   437 | D:1      | Reached XP level 3. HP: 22/30 MP: 3/3
   792 | D:1      | Reached skill level 4 in Polearms
   802 | D:1      | Found a faded altar of an unknown god.
   961 | D:2      | Noticed Terence
   970 | D:2      | Killed Terence
   971 | D:2      | Reached XP level 4. HP: 24/38 MP: 4/4
  1172 | D:2      | Noticed Sigmund
  1222 | D:2      | Gained mutation: You passively map a small area around you.
                  | [potion of mutation]
  1222 | D:2      | Gained mutation: You have a pair of small antennae on your
                  | head. [potion of mutation]
  1240 | D:2      | Killed Sigmund
  1241 | D:2      | Reached skill level 5 in Fighting
  1241 | D:2      | Reached skill level 6 in Polearms
  1241 | D:2      | Reached XP level 5. HP: 32/45 MP: 5/5
  1241 | D:2      | Reached XP level 6. HP: 36/51 MP: 6/6
  2320 | D:3      | Found a faded altar of an unknown god.
  2344 | D:3      | Found a basalt altar of Yredelemnul.
  3140 | D:4      | Reached skill level 7 in Polearms
  3140 | D:4      | Reached XP level 7. HP: 55/59 MP: 7/7
  3160 | D:4      | Noticed Eustachio
  3180 | D:4      | Killed Eustachio
  3245 | D:4      | Learned a level 2 spell: Wereblood
  3276 | D:4      | Reached skill level 8 in Polearms
  3913 | D:4      | Reached XP level 8. HP: 66/67 MP: 8/8
  4378 | D:5      | Entered Level 5 of the Dungeon
  4386 | D:5      | Found a snail-covered altar of Cheibriados.
  4516 | D:5      | Reached skill level 9 in Polearms
  4751 | D:5      | Found a blossoming altar of Fedhas.
  4754 | D:5      | Noticed blackman's ghost (weakling HuDe)
  4755 | D:5      | Found a transporter.
  4768 | D:5      | Found a sparkling altar of Nemelex Xobeh.
  5067 | D:5      | Reached skill level 10 in Polearms
  5370 | D:5      | Found a transporter.
  6192 | D:6      | Found a white marble altar of Elyvilon.
  6541 | D:6      | Found a shimmering blue altar of Sif Muna.
  6545 | D:6      | Reached XP level 9. HP: 72/72 MP: 9/9
  6602 | D:6      | Upgraded the game from 0.29-a0-789-g7a8fcbc185 to
                  | 0.29-a0-802-g34511f41fd
  6924 | D:7      | Reached skill level 11 in Polearms
  7119 | D:7      | Reached skill level 5 in Armour
  7219 | D:7      | Found a staircase to the Ecumenical Temple.
  7268 | Temple   | Entered the Ecumenical Temple
  7583 | D:3      | Became a worshipper of Yredelemnul the Dark
  7783 | D:7      | Reached skill level 1 in Invocations
  7787 | D:7      | Reached * piety under Yredelemnul
  7788 | D:7      | Reached skill level 1 in Dodging
  7894 | D:7      | Found Moyxtusm's Assorted Antiques.
  7922 | D:7      | Bought a scroll of identify for 42 gold pieces
  7922 | D:7      | Bought a sling for 31 gold pieces
  8071 | D:7      | Reached ** piety under Yredelemnul
  8257 | D:7      | Found a hazy altar of Hepliaklqana.
  8731 | D:8      | Noticed Prince Ribbit
  8737 | D:8      | Reached skill level 12 in Polearms
  8748 | D:8      | Reached skill level 5 in Invocations
  8754 | D:8      | Killed Prince Ribbit
  8755 | D:8      | Reached XP level 10. HP: 79/79 MP: 14/14
  8995 | D:8      | Reached skill level 5 in Dodging
  9001 | D:8      | Reached *** piety under Yredelemnul
  9333 | D:8      | Found a glowing golden altar of the Shining One.
  9667 | D:9      | Found a flagged portal.
  9676 | Bailey   | Entered a bailey
 10105 | Bailey   | Reached skill level 13 in Polearms
 10124 | Bailey   | Noticed an orc knight
 10133 | Bailey   | Demolished by an orc warrior

Illustrated notes

Levels and vault maps discovered:
D:1:      tarquinn_simple_flora_water_d, layout_loops_ring,
          ebering_ecumenical_altar_petrified, minivault_26
D:2:      layout_basic, uniq_terence, uniq_sigmund
D:3:      layout_loops_ring, nicolae_overflow_ecumenical_swirl,
          minmay_quadrilaterals
D:4:      layout_loops_cross, serial_co_window_serial, co_window_paths_a,
          co_window_of_opportunity_a, co_window_corner_a, co_window_paths_a,
          co_window_cross_1, co_window_paths_a, co_window_cross_2,
          co_window_corner_ca, co_window_broadway_b, co_window_broadway_a,
          co_window_unsneaky_path_d, co_window_broadway_a, co_window_4corner_b,
          glass_columns_b, glass_columns_a, glass_columns_a, glass_columns_a,
          grunt_ministairs_2, uniq_eustachio
D:5:      layout_loops_ring, mainiacjoe_overflow_alcove_4,
          mainiacjoe_overflow_large_starburst, gammafunk_ghost_arena
D:6:      layout_cave_pods, amcnicky_altar_gilded,
          nicolae_sif_muna_little_library
D:7:      layout_basic, overflow_temple_1_default,
          minmay_temple_entry_junction_2, serial_glass, glass_columns_b,
          glass_columns_b, kennysheep_small_square
D:8:      layout_loops_ring, nicolae_tso_swordbearing_angel, uniq_prince_ribbit1
D:9:      layout_long_grid, general_overflow_altar, minmay_lair_entry_grove,
          enter_bailey_6, serial_bayou_lake_a, uniq_harold
Temple:   hellmonk_temple_forest_ring
Bailey:   bailey_polearm_2, bailey

Skill      XL: |  1  2  3  4  5  6  7  8  9 10 |
---------------+-------------------------------+-----
Polearms       | 3 4 6 7 8 10 12 13 | 13.0
Fighting       | 4 5 6 7 |  7.0
Armour         | 4 5 |  5.0
Invocations    | 5 7 |  7.0
Dodging        | 4 6 |  6.4
Shields        | |  3.0

Action                   |  1- 3 |  4- 6 |  7- 9 | 10-12 || total
-------------------------+-------+-------+-------+-------++-------
Melee: Trident           |    97 |    74 |    78 |   129 ||   378
       Spear             |       |    74 |   257 |       ||   331
 Fire: Sling             |       |       |     3 |     1 ||     4
Invok: Dark Bargain      |       |       |       |     2 ||     2
  Use: Potion            |     1 |     5 |     2 |     4 ||    12
       Scroll            |       |       |    19 |       ||    19
 Stab: Sleeping          |       |     1 |     1 |       ||     2
       Distracted        |       |       |     1 |     1 ||     2
Armor: Scale mail        |    47 |    16 |       |       ||    63
       Leather armour    |       |    35 |    89 |    27 ||   151
Dodge: Dodged            |    32 |    41 |    89 |    62 ||   224
Block: Buckler           |    14 |    19 |    51 |    13 ||    97
       Kite shield       |       |       |       |    42 ||    42

Table legend: (Time is in decaauts)
 A = Elapsed time spent in this place.
 B = Non-inter-level travel time spent in this place.
 C = Inter-level travel time spent in this place.
 D = Time resting spent in this place.
 E = Time spent auto-exploring this place.
 F = Levels seen in this place.
 G = Mean time per level.
                   A        B        C        D        E       F      G
               +--------+--------+--------+--------+--------+-----+--------+
         Total |  10002 |   9319 |    683 |   2262 |   5138 |  11 |  909.3 |
       Dungeon |   9404 |   8743 |    661 |   2138 |   5004 |   9 | 1044.9 |
        Temple |    158 |    136 |     22 |      0 |    120 |   1 |  158.0 |
        Bailey |    439 |    439 |      0 |    124 |     14 |   1 |  439.0 |
               +--------+--------+--------+--------+--------+-----+--------+

Top non-repeatable levels by time:
     D:4: 1683 daAuts
     D:6: 1450 daAuts
     D:5: 1245 daAuts
     D:8: 1216 daAuts
     D:3: 995 daAuts
     D:1: 937 daAuts
     D:7: 924 daAuts
     D:2: 820 daAuts
  Bailey: 439 daAuts
  Temple: 158 daAuts
     D:9: 130 daAuts
